 Dungeon Crawl Stone Soup version 0.31-a0-803-g95b03c3367 (webtiles) character file.

Game seed: 17470790469181996931

30 senseless the Covered (level 3, -1/33 HPs)
             Began as a Minotaur Fighter on Sept 20, 2023.
             Slain by Sigmund
             ... wielding a +0 scythe
              (2 damage)
             ... on level 2 of the Dungeon.
             The game lasted 00:01:12 (612 turns).

senseless the Covered (Minotaur Fighter)             Turns: 612, Time: 00:01:14

Health: -1/33      AC:  8    Str: 22    XL:     3   Next: 3%
Magic:  0/2        EV:  9    Int:  5    God:
Gold:   52         SH:  4    Dex:  9    Spells: 2/2 levels left

rFire   . . .        a - +0 war axe
rCold   . . .        c - +0 buckler
rNeg    . . .        b - +0 scale mail
rPois   .            (helmet restricted)
rElec   .            (no cloak)
rCorr   .            g - +0 pair of gloves
SInv    .            (no boots)
Will    .....        h - amulet of guardian spirit Stlth
                     (no ring)
HPRegen 0.25/turn    (no ring)
MPRegen 0.08/turn

%: guardian spirit
@: no status effects
A: horns 2, retaliatory headbutt
a: no special abilities


You were on level 2 of the Dungeon.
You visited 1 branch of the dungeon, and saw 2 of its levels.

You collected 52 gold pieces.

Inventory:

Hand Weapons
 a - a +0 war axe (weapon)
Armour
 b - a +0 scale mail (worn)
 c - a +0 buckler (worn)
 g - a +0 pair of gloves (worn)
Jewellery
 h - an amulet of guardian spirit (around neck)
Scrolls
 e - a scroll of immolation {unknown}
 f - a scroll of enchant armour {unknown}
 i - a scroll of poison {unknown}
 j - 2 scrolls of vulnerability {unknown}
 k - a scroll of enchant weapon {unknown}
 l - a scroll of noise {unknown}
Potions
 d - a potion of might


   Skills:
 + Level 4.0 Fighting
 + Level 3.0 Axes
 + Level 4.1 Armour
 + Level 4.0 Shields


You had 2 spell levels left.
You didn't know any spells.
Your spell library was empty.

Dungeon Overview and Level Annotations

Branches:
Dungeon (2/15)

Altars:

Annotations:
D:2 Sigmund


Innate Abilities, Weirdness & Mutations

You have a pair of horns on your head.
You reflexively headbutt those who attack you in melee.


Message History

Sigmund closely misses you. The hobgoblin closely misses you.
You hit Sigmund.
Sigmund is lightly wounded.
You hit the hobgoblin. The hobgoblin hits you.
Sigmund gestures at you while chanting. The magic dart hits you.
You hit Sigmund.
Sigmund is lightly wounded.
You hit the hobgoblin.
You kill the hobgoblin!
Sigmund hits you but does no damage.
You slash Sigmund!
Sigmund is heavily wounded.
Sigmund hits you but does no damage.
You slash Sigmund!
Sigmund is almost dead.
Sigmund hits you with a +0 scythe!
You closely miss Sigmund.
Sigmund is almost dead.
Sigmund flickers, as though insubstantial.
Sigmund gestures wildly while chanting.
Sigmund flickers and vanishes!
Deactivating autopickup; reactivate with Ctrl-A.
You closely miss something. Your headbutt misses something.
Something hits you but does no damage.
You miss something. Something hits you.
You barely miss something. Your headbutt misses something.
You hear some strange, mumbled words.
A magic dart appears from out of thin air!
The magic dart hits you.
* * * LOW HITPOINT WARNING * * *
You closely miss something. Something hits you but does no damage.
A worm comes into view.
You barely miss something. Your headbutt misses something.
You hear some strange, mumbled words.
A magic dart appears from out of thin air!
The magic dart hits you.
* * * LOW HITPOINT WARNING * * *
Something hits you.
You die...

# . #.
####.####
....[...####
#..†....#
#.##.##.# #
#.##<##.#w.#
#.....@....#
#.##.##{#......
# #.##.#.####.
.....# . ..####
## ###


You could see a worm.

Vanquished Creatures
  A dart slug (D:1)
  3 ball pythons (D:1)
  2 giant cockroaches (D:1)
  4 hobgoblins
  4 jackals (D:1)
  3 quokkas (D:1)
  2 bats
  2 frilled lizards (D:1)
  A goblin (D:1)
  2 kobolds (D:1)
  A rat (D:1)
25 creatures vanquished.

Notes
Turn   | Place    | Note
-------+----------+-------------------------------------------
     0 | D:1      | senseless the Minotaur Fighter began the quest for the Orb.
     0 | D:1      | Reached XP level 1. HP: 19/19 MP: 0/0
    96 | D:1      | Reached XP level 2. HP: 27/27 MP: 1/1
   592 | D:2      | Reached XP level 3. HP: 33/33 MP: 2/2
   594 | D:2      | Noticed Sigmund
   612 | D:2      | HP: 1/33 [something/magic dart (6)]
   612 | D:2      | Slain by Sigmund

Illustrated notes

Levels and vault maps discovered:
D:1:      dpeg_arrival_brainrot, layout_rooms
D:2:      layout_loops_ring, uniq_sigmund

Skill      XL: |  1  2 |
---------------+-------+-----
Armour         | 4 |  4.1
Fighting       | 4 |  4.0
Shields        | 4 |  4.0
Axes           | 3 |  3.0

Action                     || total
---------------------------++-------
  Melee: War axe           ||    52
         Headbutt          ||     2
 Armour: Scale mail        ||    51
  Dodge: Dodged            ||    31
  Block: Buckler           ||     8

Table legend: (Time is in decaauts)
 A = Elapsed time spent in this place.
 B = Non-inter-level travel time spent in this place.
 C = Inter-level travel time spent in this place.
 D = Time resting spent in this place.
 E = Time spent auto-exploring this place.
 F = Levels seen in this place.
 G = Mean time per level.
                   A        B        C        D        E       F      G
               +--------+--------+--------+--------+--------+-----+--------+
         Total |    632 |    617 |     15 |      0 |    463 |   2 |  316.0 |
       Dungeon |    632 |    617 |     15 |      0 |    463 |   2 |  316.0 |
               +--------+--------+--------+--------+--------+-----+--------+

Top non-repeatable levels by time:
     D:1: 604 daAuts
     D:2: 27 daAuts
